cohdb
Replays
Latest Replays
All Replays
Popular Replays
Top Player Replays
Match Explorer
How It Works
Community
CoH3 Stats
Reddit
Sign in to upload your games and track your stats! →
Sign in with Steam
Match 46018176
Unlisted
Match 46018176
Overview
Messages
Build Orders
End
Royal Engineer Section
Construct Section Command Post
Dingo Light Scout Car
Infantry Section
Infantry Section
Construct Platoon Command Post
Humber Armored Car
Humber Armored Car
Selects Heavy Armor Battlegroup
Selects Rigorous Vehicle Training
Selects Light Vehicle Withdraw and Refit
Light Vehicle Training
Selects Radio Net
Infantry Section
Infantry Section
Construct Company Command Post
Crusader II Medium Tank
Selects Recon Artillery
DirtyDan
风铃
MaplePine
Koldit
ozpler
frooooodoooooooo
0
0
Comments
sign in to comment!
No comments posted yet!